 Dungeon Crawl Stone Soup version 0.29.0-5-ge4962eb29e (webtiles) character file.

Game seed: 1293285081986555606

31 themarg the Twirler (level 3, -3/25 HPs)
             Began as a Gnoll Wanderer on Aug 28, 2022.
             Slain by a hobgoblin
             ... wielding a staff of conjuration
              (7 damage)
             ... on level 2 of the Dungeon.
             The game lasted 00:03:04 (1089 turns).

themarg the Twirler (Gnoll Wanderer)                Turns: 1089, Time: 00:03:04

Health: -3/25      AC:  4    Str: 12    XL:     3   Next: 22%
Magic:  9/9        EV: 12    Int:  9    God:
Gold:   78         SH:  0    Dex: 14    Spells: 12/12 levels left

rFire   + . .      SeeInvis .   a - +0 flail
rCold   . . .      Faith    .   h - orb {*channel}
rNeg    . . .      Spirit   .   e - +0 leather armour
rPois   +          Reflect  .   c - +0 helmet
rElec   .          Harm     .   (no cloak)
rCorr   .          Rampage  .   (no gloves)
Will    .....                   (no boots)
Stlth   +.........              (no amulet)
HPRegen 0.08/turn               i - ring of poison resistance
MPRegen 0.11/turn               j - ring of protection from fire

@: no status effects
A: fangs 1, strong nose, distributed training
a: no special abilities


You were on level 2 of the Dungeon.
You visited 1 branch of the dungeon, and saw 2 of its levels.

You collected 78 gold pieces.

Inventory:

Hand Weapons
 a - a +0 flail (weapon)
 b - a +0 quarterstaff
Missiles
 f - 5 poisoned darts (quivered)
Armour
 c - a +0 helmet (worn)
 e - a +0 leather armour (worn)
 h - an orb of energy (worn)
Jewellery
 i - a ring of poison resistance (left hand)
 j - a ring of protection from fire (right hand)
Scrolls
 d - 3 scrolls of teleportation
 g - 2 scrolls of identify {unknown}
 k - a scroll of immolation {unknown}
Potions
 l - a potion of lignification {unknown}
 m - a potion of attraction {unknown}


   Skills:
 + Level 0.7 Fighting
 + Level 0.7 Short Blades
 + Level 0.7 Long Blades
 + Level 0.7 Axes
 + Level 4.5 Maces & Flails
 + Level 0.7 Polearms
 + Level 6.5 Staves
 + Level 0.7 Ranged Weapons
 + Level 0.7 Throwing
 + Level 2.6 Armour
 + Level 2.6 Dodging
 + Level 0.7 Stealth
 + Level 0.7 Shields
 + Level 0.7 Unarmed Combat
 + Level 5.0 Spellcasting
 + Level 0.5 Conjurations
 + Level 0.5 Hexes
 + Level 0.5 Summonings
 + Level 0.5 Necromancy
 + Level 0.5 Translocations
 + Level 0.5 Transmutations
 + Level 0.5 Fire Magic
 + Level 0.5 Ice Magic
 + Level 0.5 Air Magic
 + Level 0.5 Earth Magic
 + Level 0.5 Poison Magic
 + Level 0.9 Invocations
 + Level 2.6 Evocations


You had 12 spell levels left.
You didn't know any spells.
Your spell library contained the following spells:

 Spells                   Type           Power      Damage    Failure   Level
 Ensorcelled Hibernation  Hex/Ice        6%         N/A       36%         2
 Spider Form              Tmut/Pois      3%         N/A       58%         3
 Anguish                  Hex/Necr       1%         N/A       94%         4
 Alistair's Intoxication  Tmut/Pois      2%         N/A       100%        5
 Borgnjor's Vile Clutch   Necr/Erth      1%         N/A       100%        5
 Eringya's Noxious Bog    Tmut/Pois      1%         N/A       100%        6


Dungeon Overview and Level Annotations

Branches:
Dungeon (2/15)

Altars:


Innate Abilities, Weirdness & Mutations

You have very sharp teeth.
Your uncanny sense of smell can sniff out nearby items.
Your experience applies equally to all skills.


Message History

You kill the ball python!
An adder comes into view.
The adder hisses angrily.
The adder bites you but does no damage.
You barely miss the adder. The adder barely misses you. The adder bites you.
You hit the adder.
The adder is heavily wounded.
The adder misses you.
You miss the adder.
The adder is heavily wounded.
The adder misses you. The adder barely misses you.
You hit the adder. You bite the adder.
The adder is almost dead.
The adder bites you.
You sock the adder!
You kill the adder!
Your Spellcasting skill increases to level 5!
You have reached level 3!
Your experience leads to an increase in your attributes!
Increase (S)trength, (I)ntelligence, or (D)exterity?
You feel stronger. x2
Magic restored.
You see here an adder corpse.
Found a scale mail.
A hobgoblin comes into view.
It is wielding a staff of conjuration and wearing the amulet of Cynicism {rF- Regen+ Slay+3 Stlth+}.
The hobgoblin shouts!
You hear a shout! x2
A quokka comes into view.
Found a stone staircase leading down.
The hobgoblin hits you with a staff of conjuration!
You barely miss the hobgoblin. You bite the hobgoblin.
The hobgoblin is moderately wounded.
The hobgoblin hits you with a staff of conjuration!
You hit the hobgoblin but do no damage.
The hobgoblin is moderately wounded.
The quokka twitches its whiskers.
The hobgoblin hits you with a staff of conjuration!
* * * LOW HITPOINT WARNING * * *
The hobgoblin attacks as you move away!
The hobgoblin hits you with a staff of conjuration!
You die...

.....###.#
#..###......# ..####
#.# #.........##### #.
... #.. ....### #
...########.##.#.<# ∆
... .....##.#..#..#
.>.###...##.#.##..#
.........##.......#..
.....................
......r.g@....#####...
...........##.........
...###...####..####[##
. #...# #.†### #####
#....# # ##.#.##.# #
#......# # ###.#### #
#....#


You could see a quokka and a hobgoblin.

Vanquished Creatures
  An adder (D:2)
  A worm (D:2)
  A ball python (D:2)
  A bat (D:1)
  2 endoplasms (D:1)
  A giant cockroach (D:1)
  A goblin (D:1)
  2 hobgoblins (D:1)
  4 jackals (D:1)
  A quokka (D:1)
15 creatures vanquished.

Vanquished Creatures (others)
  4 toadstools (D:1)
4 creatures vanquished.

Grand Total: 19 creatures vanquished

Notes
Turn   | Place    | Note
-------+----------+-------------------------------------------
     0 | D:1      | themarg the Gnoll Wanderer began the quest for the Orb.
     0 | D:1      | themarg set off with the following items: a +0 flail, a +0
                  | quarterstaff, a +0 helmet, a scroll of teleportation, a +0
                  | leather armour.
     0 | D:1      | Reached XP level 1. HP: 13/13 MP: 6/6
   228 | D:1      | Reached XP level 2. HP: 17/19 MP: 7/7
  1014 | D:2      | Reached skill level 5 in Spellcasting
  1014 | D:2      | Reached XP level 3. HP: 20/25 MP: 7/9
  1081 | D:2      | Identified the amulet of Cynicism {rF- Regen+ Slay+3
                  | Stlth+}
  1089 | D:2      | Slain by a hobgoblin

Illustrated notes

Levels and vault maps discovered:
D:1:      ldierk_walled_garden_2, layout_basic
D:2:      layout_loops_cross

Skill      XL: |  1  2 |
---------------+-------+-----
Spellcasting   | 5 |  5.0
Fighting       | |  0.7
Short Blades   | |  0.7
Long Blades    | |  0.7
Axes           | |  0.7
Maces & Flails | |  4.5
Polearms       | |  0.7
Staves         | |  6.5
Ranged Weapons | |  0.7
Throwing       | |  0.7
Armour         | |  2.6
Dodging        | |  2.6
Stealth        | |  0.7
Shields        | |  0.7
Unarmed Combat | |  0.7
Conjurations   | |  0.5
Hexes          | |  0.5
Summonings     | |  0.5
Necromancy     | |  0.5
Translocations | |  0.5
Transmutations | |  0.5
Fire Magic     | |  0.5
Ice Magic      | |  0.5
Air Magic      | |  0.5
Earth Magic    | |  0.5
Poison Magic   | |  0.5
Invocations    | |  0.9
Evocations     | |  2.6

Action                   || total
-------------------------++-------
Melee: Flail             ||    57
       Bite              ||     6
 Stab: Sleeping          ||     1
Armor: Leather armour    ||    17
Dodge: Dodged            ||    43
